 Seeded DCSS version 0.30-a0-779-g7971cf19c3 (webtiles) character file.

Game seed: 8796237800415217726 (custom seed)

6 BigDaddyOpFi the Conjurer (level 1, 0/7 HPs)
             Began as a Felid Conjurer on Feb 17, 2023.
             Hit by a stone thrown by a kobold (1 damage)
             ... on level 1 of the Dungeon.
             The game lasted 00:01:26 (233 turns).

BigDaddyOpFi the Conjurer (Felid Conjurer)           Turns: 233, Time: 00:01:27

Health: 0/7        AC:  1    Str: 14    XL:     1   Next: 75%
Magic:  0/4        EV: 18    Int: 25    God:
Gold:   496        SH:  0    Dex: 19    Spells: 3/4 levels left
                                        Lives:  0   Deaths: 0

rFire   x . .      SeeInvis +    (weapon unavailable)
rCold   . . .      Faith    .    (shield unavailable)
rNeg    . . .      Spirit   +    (body armour unavailable)
rPois   .          Reflect  .    (helmet unavailable)
rElec   .          Harm     .    (cloak unavailable)
rCorr   .          Rampage  +    (gloves unavailable)
Will    .....                    (boots unavailable)
Stlth   +++                      h - amulet "Bintu" {Spirit Rampage Will- Str+3 Dex+5}
HPRegen 0.21/turn                i - ring of Sicioz {rF- Str+8 Int+6}
MPRegen 0.09/turn                (no ring)

@: quick
A: very small, claws 1, fangs 3, see invisible, speed 1, shaggy fur 1, stealthy
paws, no weapons or thrown items, no armour, multi-lived
a: no special abilities


You were on level 1 of the Dungeon.
You visited 1 branch of the dungeon, and saw 1 of its levels.

You collected 1072 gold pieces.
You spent 576 gold pieces at shops.

Inventory:

Jewellery
 f - an amulet of regeneration
 h - the amulet "Bintu" (around neck) {Spirit Rampage Will- Str+3 Dex+5}
   (You acquired it on level 1 of the Dungeon)

   [amulet of guardian spirit]

   It causes incoming damage to be divided between your reserves of health and
   magic.
   Str:       It affects your strength (+3).
   Dex:       It affects your dexterity (+5).
   Rampage:   It bestows one free step when moving towards enemies.
   Will:      It decreases your willpower.
 i - the ring of Sicioz (left paw) {rF- Str+8 Int+6}
   (You acquired it on level 1 of the Dungeon)

   [ring of intelligence]

   Str:       It affects your strength (+8).
   Int:       It affects your intelligence (+6).
   rF:        It makes you vulnerable to fire.
Potions
 a - 2 potions of magic
 b - a potion of curing {unknown}
 c - a potion of attraction {unknown}
 d - 2 potions of berserk rage {unknown}
 e - a potion of invisibility {unknown}
 g - a potion of lignification {unknown}


   Skills:
 + Level 2.9 Dodging
 + Level 2.9 Stealth
 + Level 2.1 Spellcasting
 + Level 3.7 Conjurations


You had 3 spell levels left.
You knew the following spells:

 Your Spells              Type           Power      Damage    Failure   Level
a - Magic Dart            Conj           84%        1d7       2%          1

Your spell library contained the following spells:

 Spells                   Type           Power      Damage    Failure   Level
 Searing Ray              Conj           42%        2d6       3%          2
 Static Discharge         Conj/Air       22%        2-3/arc   8%          2
 Dazzling Flash           Conj/Hex       22%        N/A       16%         3
 Fulminant Prism          Conj/Hex       5%         3d7       45%         4
 Iskenderun's Mystic Bla  Conj/Tloc      11%        2d4       45%         4
 Fireball                 Conj/Fire      5%         3d5       82%         5
 Conjure Ball Lightning   Conj/Air       5%         3x3d6     100%        6
 Storm Form               Tmut/Air       1%         N/A       100%        7


Dungeon Overview and Level Annotations

Branches:
Dungeon (1/15)

Altars:

Shops:
D:1 :


Innate Abilities, Weirdness & Mutations

You have sharp claws.
You have razor-sharp teeth.
You have supernaturally acute eyesight. (SInv)
You cover ground quickly. (Speed+)
You are covered in fur. (AC +1)
Your paws help you pounce on unaware monsters.
You are incapable of wielding weapons or throwing items.
You cannot wear armour.
You gain extra lives every three experience levels.


Message History

You rampage towards the endoplasm!
A bat and 2 rats come into view.
The magic dart hits the endoplasm.
You kill the endoplasm!
The magic dart hits the rat.
You kill the rat!
The magic dart hits the bat.
The bat is moderately wounded.
You are out of magic!
You are out of magic!
You are out of magic!
You are out of magic!
A hobgoblin and a kobold come into view.
The kobold is wielding a +1 short sword of speed.
The kobold shouts!
The bat hits you but does no damage.
You miss the bat. The bat closely misses you.
You rampage towards the bat!
You scratch the bat but do no damage. Your bite misses the bat.
The bat misses you.
You scratch the bat.
You kill the bat!
You rampage towards the rat!
The rat closely misses you.
You scratch the rat.
You kill the rat!
The kobold closely misses you.
You scratch the hobgoblin but do no damage.
Your bite misses the hobgoblin. The kobold misses you.
The hobgoblin completely misses you.
The kobold hits you with a +1 short sword of speed.
You scratch the hobgoblin.
The hobgoblin is heavily wounded.
The hobgoblin completely misses you.
The kobold hits you with a +1 short sword of speed.
You scratch the hobgoblin but do no damage.
The hobgoblin is heavily wounded.
The kobold misses you. The hobgoblin hits you.
Ouch! That really hurt!
* * * LOW HITPOINT WARNING * * *
The kobold throws a stone.
The stone hits you.
You die...

#.#....###...
#.#8#...##.##
...##.....#
.....##....###
#.##..##.......##
. #.. #.####...##
#.. #.# ##...#
... #.# ##..# #.#
#@.# #.# ####..##
#.###..gK..##
#.##....†...##
..#..........#
#..........#
#.##..........#
.............†#
.......†).....#


You could see a hobgoblin and a kobold.

Vanquished Creatures
  An endoplasm (D:1)
  2 ball pythons (D:1)
  A bat (D:1)
  A goblin (D:1)
  3 rats (D:1)
8 creatures vanquished.

Notes
Turn   | Place    | Note
-------+----------+-------------------------------------------
     0 | D:1      | BigDaddyOpFi the Felid Conjurer began the quest for the
                  | Orb.
     0 | D:1      | Reached XP level 1. HP: 7/7 MP: 4/4
   136 | D:1      | Found Veoliky's Book Emporium.
   159 | D:1      | Identified 3 scrolls of acquirement
   159 | D:1      | Acquired the ring of Sicioz {rF- Str+8 Int+6}
   161 | D:1      | Acquired 1050 gold pieces
   163 | D:1      | Acquired the amulet "Bintu" {Spirit Rampage Will- Str+3
                  | Dex+5}
   177 | D:1      | Bought the Guide on the Salamander and Exhalation for 576
                  | gold pieces
   233 | D:1      | Hit by a stone thrown by a kobold

Illustrated notes

Levels and vault maps discovered:
D:1:      heliophobic_arrival_henge, layout_rooms, serial_shops, shop_statue

Action                     || total
---------------------------++-------
  Melee: Unarmed           ||     7
   Cast: Magic Dart        ||     9
    Use: Scroll            ||     3
 Armour: Skin              ||     1
  Dodge: Dodged            ||     8

Table legend: (Time is in decaauts)
 A = Elapsed time spent in this place.
 B = Non-inter-level travel time spent in this place.
 C = Inter-level travel time spent in this place.
 D = Time resting spent in this place.
 E = Time spent auto-exploring this place.
 F = Levels seen in this place.
 G = Mean time per level.
                   A        B        C        D        E       F      G
               +--------+--------+--------+--------+--------+-----+--------+
         Total |    203 |    203 |      0 |      0 |    150 |   1 |  203.0 |
       Dungeon |    203 |    203 |      0 |      0 |    150 |   1 |  203.0 |
               +--------+--------+--------+--------+--------+-----+--------+

Top non-repeatable levels by time:
     D:1: 203 daAuts
